 Dungeon Crawl Stone Soup version 0.29-a0-214-g17f627cfee (webtiles) character file.

Game seed: 12529747768627071497

940 TrayleKats the Skirmisher (level 8, 60/60 HPs)
             Began as a Djinni Cinder Acolyte on Nov 5, 2021.
             Was an Elder of Ignis.
             Quit the game on level 5 of the Dungeon on Feb 24, 2022.
             The game lasted 00:15:32 (9197 turns).

TrayleKats the Skirmisher (Djinni Cinder Acolyte)   Turns: 9197, Time: 00:15:33

Health: 60/60      AC:  3    Str: 13    XL:     8   Next: 34%
Gold:   323        EV: 12    Int: 18    God:    Ignis [****..] SH:  0 Dex:  9

rFire   + + +      SeeInvis .   a - -1 falchion (flame)
rCold   . . .      Faith    .   (no shield)
rNeg    . . .      Spirit   .   b - +0 robe
rPois   ∞          Reflect  .   (no helmet)
rElec   .          Harm     .   (no cloak)
rCorr   .          Rampage  .   r - +0 pair of gloves
Will    .....                   (boots unavailable)
Stlth   +.........              (no amulet)
HPRegen 0.20/turn               j - ring of protection from cold
MPRegen 0.00/turn               (no ring)

@: flying
A: sickness immunity, fire resistance 2, cold vulnerability 1, float, innate
caster, HP casting, extra vitality 1
a: Renounce Religion, Fiery Armour, Foxfire Swarm, Rising Flame


You were on level 5 of the Dungeon.
You worshipped Ignis.
Ignis was greatly pleased with you.
You visited 1 branch of the dungeon, and saw 5 of its levels.

You collected 323 gold pieces.

Inventory:

Hand Weapons
 a - a -1 falchion of flaming (weapon)
Missiles
 w - 5 silver javelins
Armour
 b - a +0 robe (worn)
 r - a +0 pair of gloves (worn)
Jewellery
 j - a ring of protection from cold (left hand)
 t - an amulet of reflection
 v - a +6 ring of dexterity
Wands
 h - a wand of charming (1)
 x - a wand of iceblast (5)
Scrolls
 c - 4 scrolls of teleportation {unknown}
 d - 3 scrolls of fear {unknown}
 f - a scroll of fog {unknown}
 g - a scroll of enchant weapon {unknown}
 k - 4 scrolls of amnesia {unknown}
 m - 4 scrolls of identify {unknown}
 q - a scroll of noise {unknown}
Potions
 e - a potion of ambrosia {unknown}
 i - 3 potions of curing {unknown}
 l - a potion of flight {unknown}
 n - a potion of brilliance {unknown}
 o - a potion of might {unknown}
 p - 3 potions of heal wounds {unknown}
 s - a potion of degeneration {unknown}
 u - a potion of invisibility {unknown}


   Skills:
 * Level 5.5 Fighting
 - Level 4.5 Long Blades
 + Level 3.8 Dodging
 * Level 4.8 Spellcasting


You had 8 spell levels left.
You knew the following spells:

 Your Spells              Type           Power      Damage    Failure   Level
a - Scorch                Fire           42%        2d7       2%          2
b - Slow                  Hex            84%        N/A       1%          1
c - Ensorcelled Hibernat  Hex/Ice        42%        N/A       2%          2
d - Spider Form           Tmut/Pois      21%        N/A       5%          3
Your spell library was empty.

Dungeon Overview and Level Annotations

Branches:
Dungeon (5/15)             Temple (0/1) D:5

Altars:
Fedhas
Nemelex Xobeh
Uskayaw
Vehumet

Shops:
D:2 (


Innate Abilities, Weirdness & Mutations

You are immune to sickness and miasma.
You are immune to poison.
Your flesh is very heat resistant. (rF++)
You are vulnerable to cold. (rC-)
You float through the air rather than walking.
You learn spells naturally, not from books.
Your magical power is your life essence.
You have superior vitality. (+4 MHP)


Message History

The centaur skeleton is moderately damaged.
The centaur skeleton's fire resistance burns away.
Casting: Scorch (safe; 3% risk of failure)
Confirm with . or Enter, or press ? or * to list all spells.
Flames lash the centaur skeleton.
The centaur skeleton is burned terribly!
The centaur skeleton is heavily damaged.
The centaur skeleton closely misses you. x2
Casting: Scorch (safe; 3% risk of failure)
Confirm with . or Enter, or press ? or * to list all spells.
Flames lash the centaur skeleton.
The centaur skeleton is burned terribly!
The centaur skeleton is severely damaged.
The centaur skeleton hits you but does no damage.
The centaur skeleton closely misses you.
Casting: Scorch (safe; 3% risk of failure)
Confirm with . or Enter, or press ? or * to list all spells.
Flames lash the centaur skeleton.
The centaur skeleton is burned terribly!
You destroy the centaur skeleton!
Casting: Scorch (safe; 2% risk of failure)
Confirm with . or Enter, or press ? or * to list all spells.
You can't see any susceptible monsters within range! (Use Z to cast anyway.)
You see here a book of Geomancy.
You reach down and open the door.
Found 14 stones.
Found a stone staircase leading down.
There is an open door here.
There is a stone staircase leading down here.
You now have 323 gold pieces (gained 12).
Found a blossoming altar of Fedhas.
There is a blossoming altar of Fedhas here.
Done exploring.
Done exploring.
Saving game... please wait.
Welcome back, TrayleKats the Djinni Cinder Acolyte.
The flames of Ignis gently warm you.
Press ? for a list of commands and other information.
Unknown command.
Unknown command.
Are you sure you want to abandon this character and quit the game? (Confirm with "yes".)

♣..♣♣ #.# ♣♣.♣
#.# ♣.♣ #.# ♣.♣
#.# ♣.♣♣ #.###
♣..♣♣ #...#
♣♣..♣ #...#
♣._♣♣ #...#
♣♣@.♣ #...# ##
########### ♣♣♣♣
#...########.
.)........#
#..>'.....##.
..........#
#...#####.##.
##....[...#
#.(.# #.##.
#........#######
####### #....
#......[.......#
#.# #####
#..........)...#
#.# #..
#..............#
#.# #..


There were no monsters in sight!

Vanquished Creatures
  Grinder (D:3)
  An acid dragon (D:5)
  An ice beast (D:5)
  A sky beast (D:5)
  2 jellies
  4 centaur skeletons
  Ijyb (D:2)
  Terence (D:2)
  An iguana (D:3)
  An orc wizard (D:3)
  A hound skeleton (D:4)
  6 adders
  A shadow imp (D:5)
  A white imp (D:5)
  4 worms (D:2)
  2 dart slugs
  8 orcs
  11 bats
  5 endoplasms
  5 giant cockroaches
  13 goblins
  10 hobgoblins
  3 jackals (D:1)
  6 kobolds
  4 quokkas
  7 ball pythons
  3 frilled lizards
  11 rats
115 creatures vanquished.

Vanquished Creatures (collateral kills)
  8 foxfires (D:5)
8 creatures vanquished.

Vanquished Creatures (others)
  27 foxfires
27 creatures vanquished.

Grand Total: 150 creatures vanquished

Notes
Turn   | Place    | Note
-------+----------+-------------------------------------------
     0 | D:1      | TrayleKats the Djinni Cinder Acolyte began the quest for
                  | the Orb.
     0 | D:1      | Reached XP level 1. HP: 20/20 MP: 0/0
   550 | D:1      | Reached XP level 2. HP: 23/25 MP: 0/0
  1265 | D:1      | Found a faded altar of an unknown god.
  1319 | D:1      | Reached XP level 3. HP: 23/30 MP: 0/0
  1319 | D:1      | Learned a level 1 spell: Slow
  1966 | D:2      | Found Haassiov's Weapon Boutique.
  2015 | D:2      | Reached skill level 1 in Dodging
  2584 | D:2      | Found a hide-covered altar of Uskayaw.
  2629 | D:2      | Reached XP level 4. HP: 28/35 MP: 0/0
  2889 | D:2      | Noticed Ijyb
  2896 | D:2      | Killed Ijyb
  3100 | D:2      | Reached XP level 5. HP: 26/40 MP: 0/0
  3100 | D:2      | Learned a level 2 spell: Ensorcelled Hibernation
  4365 | D:3      | Noticed Terence
  4414 | D:2      | Killed Terence
  4668 | D:3      | Reached XP level 6. HP: 16/47 MP: 0/0
  5291 | D:3      | Noticed Grinder
  5297 | D:3      | Killed Grinder
  5298 | D:3      | Reached skill level 4 in Fighting
  5298 | D:3      | Reached XP level 7. HP: 35/52 MP: 0/0
  5298 | D:3      | Learned a level 3 spell: Spider Form
  7177 | D:4      | Found a sparkling altar of Nemelex Xobeh.
  7876 | D:5      | Entered Level 5 of the Dungeon
  8058 | D:5      | Found a staircase to the Ecumenical Temple.
  8069 | D:5      | Noticed an acid dragon
  8080 | D:5      | Killed an acid dragon
  8502 | D:5      | Reached skill level 5 in Fighting
  8502 | D:5      | Reached XP level 8. HP: 55/59 MP: 0/0
  9188 | D:5      | Found a blossoming altar of Fedhas.
  9197 | D:5      | Upgraded the game from 0.28-a0-794-gafe8c5f9e9 to
                  | 0.29-a0-214-g17f627cfee
  9197 | D:5      | Quit the game

Illustrated notes

Levels and vault maps discovered:
D:1:      dpeg_arrival_yet_another_circle, layout_basic, basic_ecumenical_altar
D:2:      kennysheep_the_goblin_king, layout_basic, serial_shops,
          nicolae_shop_behind_doors, basic_altar, minmay_hexomino_c4
D:3:      layout_basic, overflow_temple_1_default, uniq_terence, uniq_grinder
D:4:      layout_basic, nemelex_spade_bored_becter, kennysheep_generic_room_8
D:5:      layout_basic, fedhas_altar_4, minmay_temple_entry_trees, uniq_ijyb

Skill      XL: |  1  2  3  4  5  6  7 |
---------------+----------------------+-----
Long Blades    | 3 4 |  4.5
Dodging        | 1 2 3 |  3.8
Spellcasting   | 3 4 |  4.8
Fighting       | 4 5 |  5.5

Action                   |  1- 3 |  4- 6 |  7- 9 || total
-------------------------+-------+-------+-------++-------
Melee: Falchion          |    17 |     2 |    21 ||    40
 Cast: Scorch            |    42 |    67 |    57 ||   166
       Slow              |       |     4 |     1 ||     5
       Ensorcelled Hiber |       |     1 |     2 ||     3
       Spider Form       |       |       |     2 ||     2
Invok: No ability        |       |     1 |       ||     1
       Foxfire Swarm     |       |     1 |     2 ||     3
 Stab: Sleeping          |       |     1 |     1 ||     2
Armor: Robe              |    11 |     7 |     6 ||    24
Dodge: Dodged            |    17 |    23 |    31 ||    71

Table legend: (Time is in decaauts)
 A = Elapsed time spent in this place.
 B = Non-inter-level travel time spent in this place.
 C = Inter-level travel time spent in this place.
 D = Time resting spent in this place.
 E = Time spent auto-exploring this place.
 F = Levels seen in this place.
 G = Mean time per level.
                   A        B        C        D        E       F      G
               +--------+--------+--------+--------+--------+-----+--------+
         Total |   9201 |   9063 |    138 |   3098 |   5249 |   5 | 1840.2 |
       Dungeon |   9201 |   9063 |    138 |   3098 |   5249 |   5 | 1840.2 |
               +--------+--------+--------+--------+--------+-----+--------+

Top non-repeatable levels by time:
     D:2: 2606 daAuts
     D:3: 1987 daAuts
     D:1: 1927 daAuts
     D:4: 1358 daAuts
     D:5: 1320 daAuts
